 Dungeon Crawl Stone Soup version 0.30-a0-862-g1aabd4f9c5 (webtiles) character file.

Game seed: 1418622132246789726

368 hikkokomori the Ruffian (level 6, -2/51 HPs)
             Began as a Draconian Transmuter on Mar 10, 2023.
             Slain by an ice beast (10 damage)
             ... on level 5 of the Dungeon.
             The game lasted 00:08:19 (3455 turns).

hikkokomori the Ruffian (Draconian Transmuter)      Turns: 3455, Time: 00:08:20

Health: -2/51      AC:  6    Str: 13    XL:     6   Next: 41%
Magic:  10/10      EV: 12    Int: 15    God:
Gold:   187        SH:  0    Dex: 11    Spells: 8/11 levels left

rFire   . . .      SeeInvis .    a - +2 short sword (speed)
rCold   . . .      Faith    .    (no shield)
rNeg    . . .      Spirit   .    (body armour unavailable)
rPois   .          Reflect  .    (helmet currently unavailable)
rElec   .          Rampage  .    (no cloak)
rCorr   +                        (no gloves)
Will    .....                    t - melded +1 pair of boots
Stlth   ++                       (no amulet)
HPRegen 0.28/turn                c - ring of resist corrosion
MPRegen 0.12/turn                (no ring)

@: appendages (expiring)
A: horns 2, talons 2, AC +6, unfitting armour, cold-blooded
a: End Transformation


You were on level 5 of the Dungeon.
You had temporarily grown beastly horns and talons.
You visited 1 branch of the dungeon, and saw 5 of its levels.

You collected 187 gold pieces.

Inventory:

Hand Weapons
 a - a +2 short sword of speed (weapon)
 e - a +0 dagger of speed
Missiles
 m - 5 poisoned darts
 u - 6 javelins
Armour
 t - a +1 pair of boots (melded)
Jewellery
 c - a ring of resist corrosion (left hand)
Wands
 p - a wand of paralysis (11)
 y - a wand of iceblast (8)
Scrolls
 f - a scroll of fear
 k - 2 scrolls of teleportation
 q - a scroll of fog
 r - a scroll of torment
 s - a scroll of poison
 w - a scroll of immolation {unknown}
 x - a scroll of blinking {unknown}
Potions
 b - 2 potions of brilliance {unknown}
 d - a potion of mutation {unknown}
 g - a potion of flight {unknown}
 h - 4 potions of curing
 i - 3 potions of might
 j - a potion of resistance {unknown}
 l - 2 potions of degeneration {unknown}
 n - 2 potions of heal wounds {unknown}
 o - a potion of magic {unknown}
 v - a potion of invisibility {unknown}


   Skills:
 + Level 3.2 Fighting
 - Level 2.3 Dodging
 + Level 2.0 Stealth
 + Level 4.1 Unarmed Combat
 + Level 3.2 Spellcasting
 + Level 3.5 Transmutations


You had 8 spell levels left.
You knew the following spells:

 Your Spells              Type           Power      Damage    Failure   Level
a - Beastly Appendage     Tmut           26%        N/A       4%          1
b - Wereblood             Tmut           13%        N/A       7%          2

Your spell library contained the following spells:

 Spells                   Type           Power      Damage    Failure   Level
 Spider Form              Tmut/Pois      7%         N/A       28%         3
 Ice Form                 Ice/Tmut       7%         N/A       67%         4


Dungeon Overview and Level Annotations

Branches:
Dungeon (5/15)
 Temple: D:4-7

Altars:
Elyvilon
Yredelemnul

Shops:
D:2 [


Innate Abilities, Weirdness & Mutations

You have temporarily grown beastly horns and talons.
Your plain brown scales are hard. (AC +6)
You cannot fit into any form of body armour.
You are cold-blooded and may be slowed by cold attacks.


Message History

* * * LOW HITPOINT WARNING * * *
You hit the ice beast.
The ice beast is severely wounded.
The ice beast hits you but does no damage.
You closely miss the ice beast.
You claw the ice beast, but do no damage.
The ice beast is severely wounded.
You feel yourself speed up. The ice beast misses you.
You hit the ice beast but do no damage.
You claw the ice beast, but do no damage.
The ice beast is severely wounded.
The ice beast closely misses you.
You closely miss the ice beast. You claw the ice beast.
The ice beast is almost dead.
You closely miss the ice beast.
You claw the ice beast, but do no damage.
You headbutt the ice beast, but do no damage.
The ice beast is almost dead.
The ice beast closely misses you.
You barely miss the ice beast. Your kick misses the ice beast.
The ice beast is almost dead.
The ice beast hits you but does no damage.
You hit the ice beast but do no damage.
The ice beast is almost dead.
You hit the ice beast but do no damage.
Your tail-slap misses the ice beast.
The ice beast is almost dead.
Your transformation is almost over.
The ice beast closely misses you.
You hit the ice beast but do no damage.
You claw the ice beast, but do no damage.
Your headbutt misses the ice beast.
You tail-slap the ice beast, but do no damage.
The ice beast is almost dead.
You completely miss the ice beast. Your headbutt misses the ice beast.
The ice beast is almost dead.
The ice beast hits you.
* * * LOW HITPOINT WARNING * * *
The ice beast freezes you!
You die...

##..##...# ###
#........# ...
#........# ...
#........# ...
##...##..# ..#
#...##..##..###
#....#..........
#....#..........
#....#..@.......
##...#..#Y...###
########....#
....... .......
$...... .......
.......


You could see an ice beast.

Vanquished Creatures
  2 scorpions (D:4)
  A hound (D:3)
  An iguana (D:4)
  Robin (D:1)
  8 adders
  A worm (D:2)
  2 dart slugs
  6 orcs
  4 endoplasms
  4 giant cockroaches
  19 goblins
  9 hobgoblins
  6 jackals
  7 kobolds
  4 quokkas
  4 ball pythons
  6 bats
  2 frilled lizards (D:1)
  4 rats
91 creatures vanquished.

Notes
Turn   | Place    | Note
-------+----------+-------------------------------------------
     0 | D:1      | hikkokomori the Draconian Transmuter began the quest for
                  | the Orb.
     0 | D:1      | Reached XP level 1. HP: 16/16 MP: 3/3
   169 | D:1      | Reached XP level 2. HP: 22/23 MP: 3/5
   840 | D:2      | Noticed Robin
   884 | D:1      | Reached XP level 3. HP: 24/29 MP: 6/6
  1060 | D:1      | Killed Robin
  1189 | D:2      | Reached XP level 4. HP: 31/36 MP: 7/7
  1216 | D:2      | Found Sohocye's Antique Armour Emporium.
  1331 | D:2      | Learned a level 2 spell: Wereblood
  1620 | D:2      | Found a basalt altar of Yredelemnul.
  1932 | D:3      | Reached XP level 5. HP: 42/42 MP: 9/9
  2264 | D:3      | Reached skill level 1 in Stealth
  2468 | D:3      | Found a white marble altar of Elyvilon.
  2869 | D:4      | Reached skill level 4 in Unarmed Combat
  2905 | D:4      | Reached XP level 6. HP: 37/51 MP: 10/10
  3268 | D:5      | Entered Level 5 of the Dungeon
  3407 | D:5      | Noticed an ice beast
  3455 | D:5      | Slain by an ice beast

Illustrated notes

Levels and vault maps discovered:
D:1:      lightli_arrival_farm, layout_basic
D:2:      layout_rooms, serial_shops, nicolae_shop_hallway_plus, basic_altar,
          uniq_robin
D:3:      layout_basic, elyvilon_altar_4
D:4:      layout_gridville
D:5:      layout_gridville, nicolae_sif_muna_little_library

Skill      XL: |  1  2  3  4  5  6 |
---------------+-------------------+-----
Dodging        | 2 |  2.3
Fighting       | 2 3 |  3.2
Transmutations | 3 |  3.5
Stealth        | 1 2 |  2.0
Spellcasting   | 3 |  3.2
Unarmed Combat | 4 |  4.1

Action                     |  1- 3 |  4- 6 || total
---------------------------+-------+-------++-------
  Melee: Unarmed           |    48 |       ||    48
         Kick              |    11 |     5 ||    16
         Tailslap          |    18 |    28 ||    46
         Headbutt          |     5 |     1 ||     6
         Dagger            |    91 |       ||    91
         Punch             |     1 |     4 ||     5
         Short sword       |    24 |   216 ||   240
   Cast: Beastly Appendage |     7 |     1 ||     8
    Use: Potion            |     1 |     3 ||     4
         Scroll            |       |     5 ||     5
   Stab: Sleeping          |       |     4 ||     4
         Distracted        |       |     1 ||     1
 Armour: Skin              |    44 |    54 ||    98
  Dodge: Dodged            |    96 |    78 ||   174

Table legend: (Time is in decaauts)
 A = Elapsed time spent in this place.
 B = Non-inter-level travel time spent in this place.
 C = Inter-level travel time spent in this place.
 D = Time resting spent in this place.
 E = Time spent auto-exploring this place.
 F = Levels seen in this place.
 G = Mean time per level.
                   A        B        C        D        E       F      G
               +--------+--------+--------+--------+--------+-----+--------+
         Total |   3368 |   3198 |    170 |    311 |   2025 |   5 |  673.6 |
       Dungeon |   3368 |   3198 |    170 |    311 |   2025 |   5 |  673.6 |
               +--------+--------+--------+--------+--------+-----+--------+

Top non-repeatable levels by time:
     D:1: 1110 daAuts
     D:3: 882 daAuts
     D:2: 615 daAuts
     D:4: 592 daAuts
     D:5: 167 daAuts
